 Dungeon Crawl Stone Soup version 0.18-a0-993-g4a3b7c7 (webtiles) character file.

92 filipzpl the Skirmisher (level 4, -8/30 HPs)
             Began as a Gargoyle Fighter on Jan 4, 2016.
             Killed by divine providence
             ... invoked by an orc priest
              (11 damage)
             ... on level 3 of the Dungeon.
             The game lasted 00:03:30 (2042 turns).

filipzpl the Skirmisher (Gargoyle Fighter)          Turns: 2042, Time: 00:03:31

Health: -8/30      AC: 10    Str: 26    XL:     4   Next: 60%
Magic:  4/4        EV:  7    Int:  8    God:
Gold:   130        SH:  9    Dex:  9    Spells: 0 memorised, 3 levels left

rFire  . . .     SeeInvis .     a - +0 flail
rCold  . . .     Gourm    .     b - +0 scale mail
rNeg   + . .     Faith    .     c - +0 shield
rPois  ∞         Spirit   .     (no helmet)
rElec  +         Dismiss  .     (no cloak)
rCorr  .         Reflect  .     (no gloves)
SustAt .         Harm     .     (no boots)
MR     .....                    (no amulet)
Stlth  ..........               (no ring)
                                (no ring)

@: mighty, not resistant to hostile enchantments, extremely unstealthy
A: negative energy resistance 1, electricity resistance, unbreathing,
petrification resistance, rot immunity, AC +3
a: no special abilities


You were on level 3 of the Dungeon.
You were hungry.

You visited 1 branch of the dungeon, and saw 3 of its levels.

You collected 130 gold pieces.

Inventory:

Hand Weapons
 a - a +0 flail (weapon)
Armour
 b - a +0 scale mail (worn)
 c - a +0 shield (worn)
Jewellery
 k - a cursed ring of teleportation {unknown}
Scrolls
 h - 2 scrolls of remove curse {unknown}
 i - 9 scrolls of identify {unknown}
 n - a scroll of immolation {unknown}
 p - a scroll of blinking {unknown}
 r - 2 scrolls of teleportation {unknown}
 s - a scroll of amnesia {unknown}
 t - a scroll of recharging {unknown}
 u - a scroll of enchant weapon {unknown}
Potions
 d - a potion of might
 e - a potion of mutation {unknown}
 g - 2 potions of flight {unknown}
 j - 2 potions of agility {unknown}
 q - a potion of brilliance {unknown}
Comestibles
 f - 3 bread rations
 l - a royal jelly
 m - 4 meat rations
 o - a slice of pizza


   Skills:
 * Level 4.6 Fighting
 * Level 3.5 Maces & Flails
 - Level 3.2 Armour
 - Level 3.2 Shields


You had 3 spell levels left.
You didn't know any spells.

Dungeon Overview and Level Annotations

Branches:
Dungeon (3/15)

Altars:
Elyvilon
Fedhas
Sif Muna


Innate Abilities, Weirdness & Mutations

You are resistant to torment.
Your stone body is resilient (AC +3).
You are immune to poison.
You resist negative energy.
You are resistant to electric shocks.
You can survive without breathing.
You are immune to petrification.
You are immune to rotting.


Message History

Drink which item? (? for menu, Esc to quit)
You feel very mighty all of a sudden.
The orc priest calls down the wrath of Beogh upon you.
Something smites you!
* * * LOW HITPOINT WARNING * * *
You block the orc's attack.
You closely miss the orc.
The orc is almost dead.
The orc hits you but does no damage.
Your shield and scale mail prevent you from hitting the orc.
The orc is almost dead.
The orc hits you but does no damage.
The orc wizard casts a spell.
The orc wizard blinks!
You closely miss the orc.
The orc is almost dead.
You block the orc's attack.
The orc priest invokes the aid of Beogh against you.
Something smites you!
You die...

#..# #..#.. ..g.r #..#
#..#.##.....
#..########..#..o.#...
########............#..#.....
#.............o.oo....g......
#.####.##############.#####..
.(o.o.†.#_._._#.# #.#
#o####†#.......######.# ###
#.# #.#.†.⌠...#@ogo{§# ...
#.# ####..PPP######### ###
#o# ###'### #o# #.#.# ...
#.#########...# #.####
o..........##.# #.##..
######...#.# .# #.##.#
.......#..... # #.##.#
.#####...#.### #.##.#


You could see an orc priest, an orc and a hobgoblin.

Vanquished Creatures
  5 adders
  2 worms (D:2)
  2 giant geckos
  5 orcs (D:3)
  2 giant cockroaches
  5 goblins
  4 hobgoblins
  3 kobolds
  A quokka (D:2)
  3 bats (D:2)
  3 giant newts
  2 rats (D:2)
37 creatures vanquished.

Notes
Turn   | Place    | Note
--------------------------------------------------------------
     0 | D:1      | filipzpl the Gargoyle Fighter began the quest for the Orb.
     0 | D:1      | Reached XP level 1. HP: 14/14 MP: 1/1
   396 | D:1      | Reached XP level 2. HP: 19/19 MP: 2/2
  1178 | D:2      | Reached skill level 4 in Fighting
  1178 | D:2      | Reached XP level 3. HP: 12/24 MP: 3/3
  1762 | D:3      | Reached XP level 4. HP: 27/30 MP: 4/4
  1960 | D:3      | Found a blossoming altar of Fedhas.
  1960 | D:3      | Found a white marble altar of Elyvilon.
  1960 | D:3      | Found a deep blue altar of Sif Muna.
  2042 | D:3      | Killed from afar by an orc priest

Vault maps used:
D:1:      saegor_arrival_simple_b, minmay_misc_feat_columns
D:2:      first_bread
D:3:      marbit_many_paths, grunt_dithmenos_smoke_and_mirrors,
          gammafunk_temple_overflow_forgotten, minmay_stone_trees_small

Action                   |  1- 3 |  4- 6 || total
-------------------------+-------+-------++-------
Melee: Flail             |    94 |    43 ||   137
  Use: Potion            |       |     1 ||     1
  Eat: Chunk             |     1 |     2 ||     3
